[Event "Team 45 45 League T62"]
[Site "Internet Chess Club"]
[Date "2014.10.04"]
[Round "6"]
[White "PostMike"]
[Black "Timlisa9"]
[Result "1/2-1/2"]
[WhiteElo "1455"]
[BlackElo "1464"]
[Opening "Giuoco Piano"]
[ECO "C54"]
[Time "12:30:13"]
[TimeControl "2700+45"]

1. e4 e5 2. Nf3 Nc6 3. Bc4 Bc5 4. c3 Nf6 5. d3 d6 6. b4 Bb6 7. a4 a5 8. b5 Ne7
9. O-O O-O 10. Re1 Ng6 11. d4 Re8 12. Qd3 Be6 13. Na3 exd4 14. cxd4 d5 15. exd5
Bxd5 16. Rxe8+ Qxe8 17. Bxd5 Nxd5 18. Nc4 Ba7 19. Nxa5 Ndf4 20. Bxf4 Nxf4 21.
Qe3 Qxe3 22. fxe3 Nd5 23. Kf2 Bxd4 24. Nxd4 Rxa5 25. Ra3 Ra8 26. e4 Nb6 27. a5
Nc4 28. Ra2 Rxa5 29. Rc2 Nd6 30. Rxc7 h6 31. Kf3 Nxb5 32. Nxb5 Rxb5 33. Rc8+ Kh7
34. Kf4 Rb2 35. Kf3 b5 36. h4 b4 37. g4 b3 38. Ke3 Rh2 39. h5 b2 40. Rb8 g6 41.
hxg6+ Kxg6 42. Rb5 Rg2 43. Kf3 Rc2 44. Ke3 Kh7 45. Kf3 Rc3+ 46. Kf2 Rh3 47. Kg2
Re3 48. Rxb2 Rxe4 49. Kg3 Re5 50. Rb6 h5 51. gxh5 Rxh5 52. Kg4 Rc5 53. Rd6 Kg7
54. Kf4 f6 55. Rb6 Kg6 56. Rb4 Rf5+ 57. Kg4 Rf1 58. Rc4 f5+ 59. Kg3 Kg5 60. Rc3
f4+ 61. Kg2 Ra1 62. Kf3 Rf1+ 63. Kg2 Ra1 64. Kf3 Ra4 65. Rc5+ Kh4 66. Rf5 Ra3+
67. Kxf4 {Game drawn by mutual agreement} 1/2-1/2

[Event "Team 45 45 League T62"]
[Site "Internet Chess Club"]
[Date "2014.10.05"]
[Round "6"]
[White "browndeer"]
[Black "Aquaman"]
[Result "1-0"]
[WhiteElo "1555"]
[BlackElo "1363"]
[Opening "QP counter-gambit: Maroczy gambit"]
[ECO "C40"]
[Time "15:00:26"]
[TimeControl "2700+45"]

1. e4 e5 2. Nf3 d5 3. exd5 Bd6 4. Nc3 Nf6 5. d3 O-O 6. Be2 Nbd7 7. O-O h6 8. Be3
Nc5 9. Bxc5 Bxc5 10. Nxe5 Nxd5 11. Nxd5 Qxd5 12. Nf3 Re8 13. c3 Qe6 14. Re1 Bd7
15. d4 Bd6 16. Bd3 Qf6 17. Qd2 c6 18. Bc2 Be6 19. a3 Rad8 20. Qd3 g6 21. Qd1 Rf8
22. Bb3 Bg4 23. Qd3 Bxf3 24. Qxf3 Qxf3 25. gxf3 Kg7 26. Kg2 Kf6 27. Rad1 Bf4 28.
Re4 g5 29. Ba2 h5 30. a4 a6 31. Rde1 Rd7 32. R1e2 h4 33. h3 Rfd8 34. Re1 a5 35.
R4e2 Kg7 36. Re7 Rxe7 37. Rxe7 Rb8 38. Rxf7+ Kg6 39. Re7 Bc1 40. Re2 Rd8 41. b3
Bf4 42. Bb1+ Kf7 43. Be4 Kf6 44. Bc2 Rd7 45. Re4 Rd8 46. Re2 Rd7 47. Kf1 Rc7 48.
Be4 Rd7 49. Ke1 Rd6 50. Bc2 Bc1 51. Be4 Bf4 52. Kd1 Rd7 53. Kc2 Rd6 54. Kd3 b6
55. c4 c5 56. d5 Be5 57. Kc2 Rd7 58. Kd2 Rd6 59. Bc2 Rd7 60. Re4 Rd6 61. Ke3
Bd4+ 62. Rxd4 cxd4+ 63. Kxd4 Ke7 64. Be4 Kf6 65. c5 bxc5+ 66. Kxc5 Rd8 67. Kd4
Rc8 68. Bd3 Rc1 69. Bc4 Ke7 70. Kc5 Kd8 71. Kb5 Rc2 72. Kxa5 Rxf2 73. b4 Rxf3
74. b5 Rxh3 75. b6 Rh2 76. Ka6 Rb2 77. Bb5 h3 78. b7 Kc7 79. Ka7 Kd6 80. b8=Q+
Kc5 81. Qc7+ Kd4 82. Qg7+ {Black resigns} 1-0

[Event "Team 45 45 League T62"]
[Site "Internet Chess Club"]
[Date "2014.10.03"]
[Round "6"]
[White "medsurg"]
[Black "almond123"]
[Result "1-0"]
[WhiteElo "1389"]
[BlackElo "1448"]
[Opening "Grünfeld defense"]
[ECO "D80"]
[Time "21:17:08"]
[TimeControl "2700+45"]

1. d4 Nf6 2. c4 g6 3. Nc3 d5 4. e3 Bg7 5. Bd3 dxc4 6. Bxc4 O-O 7. h3 Bf5 8. Nge2
Nc6 9. Ng3 Bd7 10. O-O Na5 11. Bd3 Be6 12. Qe2 a6 13. Bd2 Nc6 14. Rfd1 Qd7 15.
Nce4 Nxe4 16. Nxe4 Bd5 17. Nc5 Qc8 18. Bc3 e5 19. dxe5 Nxe5 20. Bxe5 Bxe5 21.
Bxg6 Bxg2 22. Bxh7+ Kxh7 23. Qh5+ Kg8 24. Kxg2 Bd6 25. Rd4 Rd8 26. Qg5+ Kf8 27.
Qh6+ Kg8 28. Rg4+ Qxg4+ 29. hxg4 Bxc5 30. Qg5+ Kf8 31. Qxc5+ Ke8 32. Rh1 c6 33.
Rh8+ Kd7 34. Qf5+ Ke7 35. Rxd8 Rxd8 36. g5 {Black forfeits on time} 1-0

[Event "Team 45 45 League T62"]
[Site "Internet Chess Club"]
[Date "2014.10.03"]
[Round "6"]
[White "Mitochondria"]
[Black "GregoryViking"]
[Result "0-1"]
[WhiteElo "1471"]
[BlackElo "1563"]
[Opening "QGD: 4.Bg5 Be7"]
[ECO "D66"]
[Time "17:10:23"]
[TimeControl "2700+45"]

1. d4 d5 2. c4 e6 3. Nc3 Nf6 4. Bg5 Be7 5. e3 c6 6. Nf3 O-O 7. Bd3 dxc4 8. Bxc4
Nbd7 9. Rc1 Nb6 10. O-O Nxc4 {White resigns} 0-1

[Event "Team 45 45 League T62"]
[Site "Internet Chess Club"]
[Date "2014.10.06"]
[Round "6"]
[White "Zyme"]
[Black "Just-Jim"]
[Result "1-0"]
[WhiteElo "1346"]
[BlackElo "1345"]
[Opening "QGD semi-Slav"]
[ECO "D43"]
[Time "19:00:24"]
[TimeControl "2700+45"]

1. d4 d5 2. c4 c6 3. Nc3 Nf6 4. Nf3 e6 5. Bg5 Be7 6. e3 h6 7. Bh4 Nh7 8. Bxe7
Qxe7 9. Bd3 f5 10. Ne5 O-O 11. Ng6 Qf7 12. Nxf8 Nxf8 13. O-O Nbd7 14. Qf3 Nf6
15. cxd5 cxd5 16. Rac1 N8h7 17. Rc2 Ng5 18. Qe2 Qg6 19. Kh1 a6 20. Rfc1 Bd7 21.
f4 Nf7 22. Qf3 Nd6 23. Ne2 Ba4 24. b3 Bc6 25. Ng1 Ng4 26. Qe2 Bb5 27. Nf3 Qh5
28. Bxb5 axb5 29. h3 Ne4 30. Kg1 Ngf2 31. Qxb5 Nxh3+ 32. gxh3 Qxf3 33. Qxb7
Qxe3+ 34. Kh1 Nf2+ 35. Kg2 Ne4 36. Qxa8+ Kh7 37. Qa6 Qg3+ 38. Kf1 Qxf4+ 39. Ke1
Qg3+ 40. Kd1 Qg1+ 41. Ke2 Qf2+ 42. Kd1 Qg1+ 43. Ke2 Qg2+ 44. Ke1 Qg3+ 45. Kd1
Qxh3 46. Qe2 Qh1+ 47. Qe1 Qh5+ 48. Re2 Qf3 49. Rc2 Qd3+ 50. Kc1 Qa6 51. Rxe4
fxe4 52. Qc3 Qf1+ 53. Kb2 Qg1 54. Qc6 Qg4 55. Qb6 e3 56. Ka3 e2 57. Rc1 Qe4 58.
Qb4 g5 59. Re1 g4 60. Qd2 g3 61. Rxe2 Qf5 62. Qc2 Qxc2 63. Rxc2 h5 64. b4 h4 65.
b5 h3 66. b6 h2 67. b7 h1=Q 68. b8=Q Qf3+ 69. Ka4 Qd1 70. Qb3 Qxd4+ 71. Ka3 Qa7+
72. Kb2 Qd4+ 73. Qc3 Qxc3+ 74. Kxc3 e5 75. Rg2 Kg7 76. Rxg3+ Kf6 77. Rg4 Kf5 78.
Rb4 e4 79. Kd4 Kf4 80. Kxd5 Kf3 81. Rxe4 {Black resigns} 1-0

[Event "Team 45 45 League T62"]
[Site "Internet Chess Club"]
[Date "2014.10.05"]
[Round "6"]
[White "kingsrook"]
[Black "artspir"]
[Result "1-0"]
[WhiteElo "1348"]
[BlackElo "1193"]
[Opening "QGD Slav defense"]
[ECO "D10"]
[Time "15:00:27"]
[TimeControl "2700+45"]

1. d4 d5 2. c4 c6 3. Nc3 Nf6 4. Bf4 Bf5 5. cxd5 cxd5 6. Qb3 Qb6 7. Qxb6 axb6 8.
e3 Nc6 9. Nf3 e6 10. Bb5 Nd7 11. O-O Be7 12. Ne5 Ndxe5 13. Bxe5 O-O 14. Bc7 Bd8
15. Bd6 Re8 16. a3 Be7 17. Bf4 Rec8 18. Rfc1 Na5 19. Ba4 Nc4 20. Bc2 Nxb2 21.
Bxf5 exf5 22. Nxd5 Re8 23. Rc7 Kf8 24. Rxb7 Nc4 25. Nc7 Rxa3 26. Rxa3 Bxa3 27.
Nxe8 Na5 28. Rxb6 Kxe8 29. Rb5 Nc6 30. Rxf5 g6 31. Rd5 Be7 32. Bd6 Bxd6 33. Rxd6
Ne7 34. e4 Kf8 35. Rd8+ Kg7 36. d5 Kf6 37. f4 h5 38. Re8 h4 39. g3 h3 40. e5+
{Black resigns} 1-0

[Event "Team 45 45 League T62"]
[Site "Internet Chess Club"]
[Date "2014.10.07"]
[Round "6"]
[White "rubo"]
[Black "SugarIslander"]
[Result "1-0"]
[WhiteElo "1670"]
[BlackElo "1646"]
[Opening "Bird's opening"]
[ECO "A03"]
[Time "16:00:12"]
[TimeControl "2700+45"]

1. f4 d5 2. g3 Nf6 3. Nf3 g6 4. Bg2 Bg7 5. O-O O-O 6. d3 c5 7. c3 Nc6 8. Na3 Bd7
9. Qe1 Re8 10. Ne5 a6 11. Nc2 Qc7 12. Nxd7 Qxd7 13. e4 dxe4 14. dxe4 e6 15. Be3
b6 16. Rd1 Qc7 17. Qe2 Ra7 18. e5 Nd7 19. Rd6 Bf8 20. Rxc6 Qb8 21. Rd1 f6 22.
exf6 Nxf6 23. Bf2 Rae7 24. Rdd6 Kf7 25. Rxb6 Qa7 {Black resigns} 1-0

[Event "Team 45 45 League T62"]
[Site "Internet Chess Club"]
[Date "2014.10.06"]
[Round "6"]
[White "mongmong"]
[Black "Mitochondria"]
[Result "1-0"]
[WhiteElo "1630"]
[BlackElo "1461"]
[Opening "King's Indian: fianchetto, lesser Simagin (Spassky) variation"]
[ECO "E62"]
[Time "17:11:18"]
[TimeControl "2700+45"]

1. d4 Nf6 2. Nf3 d6 3. c4 g6 4. Nc3 Bg7 5. g3 O-O 6. Bg2 Nc6 7. O-O Bf5 8. Ne1
Qd7 9. e4 Bh3 10. f3 Bxg2 11. Kxg2 Na5 12. b3 c5 13. Nc2 cxd4 14. Nxd4 Nc6 15.
Be3 a6 16. Rc1 Rac8 17. Rf2 h5 18. Rd2 Ne5 19. h3 Nh7 20. f4 Nc6 21. Nxc6 Qxc6
22. Bd4 Nf6 23. Qf3 Rfd8 24. Nd5 Nxd5 25. exd5 Qd7 26. Bxg7 Kxg7 27. Qe4 Re8 28.
Qd4+ Kg8 29. Rdc2 e5 30. dxe6 Rxe6 31. Rd2 Rce8 32. Rf1 Qe7 33. Rff2 Qd7 34. Qd5
Qe7 35. Qd4 Rd8 36. Qd5 Rd7 37. Qd4 Qd8 38. Rfe2 Rde7 39. Rxe6 Rxe6 40. Qd5 Qe7
41. Kf2 Re1 42. Qd3 Qe6 43. Kg2 Re3 44. Qd5 Re2+ 45. Rxe2 Qxe2+ 46. Kg1 Qe1+ 47.
Kh2 Qf2+ 48. Qg2 Qxg2+ 49. Kxg2 b5 50. cxb5 axb5 51. a4 {Black resigns} 1-0

[Event "Team 45 45 League T62"]
[Site "Internet Chess Club"]
[Date "2014.10.05"]
[Round "6"]
[White "Egmont"]
[Black "otherook"]
[Result "0-1"]
[WhiteElo "1677"]
[BlackElo "1756"]
[Opening "Queen's pawn"]
[ECO "A40"]
[Time "12:00:28"]
[TimeControl "2700+45"]

1. d4 e6 2. Bf4 Nf6 3. e3 c5 4. Nf3 Nc6 5. Be2 cxd4 6. exd4 d5 7. c3 Be7 8. h3
O-O 9. O-O Bd7 10. Nbd2 a6 11. Qb3 Na5 12. Qc2 b5 13. a3 Nc4 14. a4 Nxd2 15.
Qxd2 Ne4 16. Qe3 Bd6 17. Ne5 Qc7 18. f3 f6 19. Nxd7 Bxf4 20. Qd3 Bh2+ 21. Kh1
Ng3+ 22. Kxh2 Nxf1+ 23. Kg1 Qxd7 24. Kxf1 bxa4 25. Bd1 Qb5 26. Qxb5 axb5 27. Rb1
b4 28. cxb4 Rfb8 29. Ra1 Rxb4 {White resigns} 0-1

[Event "Team 45 45 League T62"]
[Site "Internet Chess Club"]
[Date "2014.10.03"]
[Round "6"]
[White "caglar"]
[Black "AVEMARIA"]
[Result "0-1"]
[WhiteElo "1596"]
[BlackElo "1665"]
[Opening "Caro-Kann: exchange variation"]
[ECO "B13"]
[Time "16:00:53"]
[TimeControl "2700+45"]

1. e4 c6 2. d4 d5 3. exd5 cxd5 4. Bd3 Nc6 5. c3 Qc7 6. Ne2 Bg4 7. f3 Bd7 8. Na3
a6 9. Nc2 e5 10. dxe5 Nxe5 11. Ncd4 Nxd3+ 12. Qxd3 Nf6 13. Bf4 Qd8 14. O-O Be7
15. Ng3 O-O 16. Rfe1 Bc5 17. Bg5 h6 18. Bd2 Qb6 19. Kh1 Bxd4 20. cxd4 Rfe8 21.
Nf5 Bxf5 22. Qxf5 Qxb2 23. Bxh6 Qxd4 24. Bg5 Nh7 25. h4 Nxg5 26. Qxg5 f6 27. Qh5
Re5 28. Qg4 Qxg4 29. fxg4 Rd8 30. Rad1 Rxe1+ 31. Rxe1 d4 32. Kg1 d3 33. Kf2 Kf7
34. Ke3 Re8+ 35. Kd2 Rxe1 36. Kxe1 Ke6 37. Kd2 Ke5 38. a4 b5 39. axb5 axb5 40.
g5 fxg5 41. hxg5 Ke4 42. g6 b4 43. g4 b3 44. Kc1 Ke3 45. g5 Ke2 {White resigns}
0-1

[Event "Team 45 45 League T62"]
[Site "Internet Chess Club"]
[Date "2014.10.06"]
[Round "6"]
[White "Kingofknights"]
[Black "kingphisch"]
[Result "1-0"]
[WhiteElo "1727"]
[BlackElo "1496"]
[Opening "QGD: 4.Bg5 Be7"]
[ECO "D53"]
[Time "19:30:29"]
[TimeControl "2700+45"]

1. d4 e6 2. c4 Nf6 3. Nc3 d5 4. Bg5 Be7 5. Nf3 c6 6. e3 Nbd7 7. Qc2 b6 8. Rd1
Bb7 9. Bd3 Rc8 10. Qe2 c5 11. cxd5 Nxd5 12. Bxe7 Nxe7 13. Nb5 Nf6 14. dxc5 O-O
15. Nd6 Rb8 16. Nxb7 Rxb7 17. Bxh7+ Nxh7 18. Rxd8 Rxd8 19. cxb6 Rxb6 20. O-O
Rbd6 21. g3 Nf6 22. Rc1 Nc6 23. Qb5 Rb8 24. Qxb8+ Nxb8 25. Rc8+ Kh7 26. Rxb8 Nd7
27. Rb7 a6 28. Kf1 Kg6 29. Ke2 Kf6 30. a4 Nc5 31. Rb4 Nd3 32. Rb8 Nc1+ 33. Ke1
Nd3+ 34. Kf1 Nc5 35. a5 Nd7 36. Rb4 Nc5 37. Rc4 Nd3 38. b4 Nb2 39. Rd4 Rc6 40.
Rf4+ Ke7 41. Rxf7+ Kxf7 42. Ne5+ Ke7 43. Nxc6+ Kd6 44. Nb8 Nd3 45. Nxa6 Kc6 46.
Ke2 Ne5 47. f4 Nd7 48. Nc5 {Black resigns} 1-0

[Event "Team 45 45 League T62"]
[Site "Internet Chess Club"]
[Date "2014.10.02"]
[Round "6"]
[White "Danny-ONeil"]
[Black "tightfist"]
[Result "1-0"]
[WhiteElo "1387"]
[BlackElo "1641"]
[Opening "Queen's Indian: 4.Nc3"]
[ECO "E12"]
[Time "22:01:21"]
[TimeControl "2700+45"]

1. d4 Nf6 2. c4 e6 3. Nf3 b6 4. Nc3 Bb7 5. e3 d5 6. Bd3 Nbd7 7. O-O Bb4 8. cxd5
exd5 9. Bd2 O-O 10. Qc2 c5 11. a3 cxd4 12. axb4 dxc3 13. Bxc3 a5 14. Rfc1 axb4
15. Bxb4 Rxa1 16. Rxa1 Re8 17. Bb5 Qb8 18. Kh1 Rc8 19. Qf5 Nc5 20. Bc3 Qd6 21.
Be5 Qe6 22. Qf4 Nce4 23. Nd4 Qg4 24. Kg1 Qxf4 25. exf4 Ne8 26. Nf5 Kf8 27. Bxe8
Rxe8 28. Bxg7+ Kg8 29. f3 Nc5 30. Bc3 Re6 31. Ra7 Bc6 32. Nd4 Rg6 33. Nxc6 Re6
34. Ra8+ Re8 35. Rxe8# {Black checkmated} 1-0

[Event "Team 45 45 League T62"]
[Site "Internet Chess Club"]
[Date "2014.10.05"]
[Round "6"]
[White "rayngrant"]
[Black "Portola"]
[Result "0-1"]
[WhiteElo "1605"]
[BlackElo "1826"]
[Opening "French: Rubinstein variation"]
[ECO "C10"]
[Time "20:00:45"]
[TimeControl "2700+45"]

1. e4 e6 2. d4 d5 3. Nc3 dxe4 4. Nxe4 Be7 5. Nf3 Nd7 6. c3 Ngf6 7. Bd3 O-O 8.
O-O b6 9. Qc2 Bb7 10. Bg5 h6 11. Nxf6+ Nxf6 12. Be3 c5 13. Ne5 Qc7 14. f3 Bd6
15. f4 Rac8 16. Nc4 Nd5 17. Nxd6 Nxe3 18. Qe2 Nxf1 19. Nxc8 Nxh2 20. Kxh2 Qxc8
21. Rf1 cxd4 22. cxd4 Qd8 23. Qe3 Qd5 24. Rf2 Qxa2 25. f5 exf5 26. Bxf5 Qd5 27.
Bg4 Qd6+ 28. Kg1 Bd5 29. Rc2 Qg6 30. Qe2 Qe4 31. Qd1 {White resigns} 0-1

[Event "Team 45 45 League T62"]
[Site "Internet Chess Club"]
[Date "2014.10.04"]
[Round "6"]
[White "MetaGod"]
[Black "Two-DogMan"]
[Result "1-0"]
[WhiteElo "1596"]
[BlackElo "1478"]
[Opening "QGD: 4.Bg5 Be7"]
[ECO "D53"]
[Time "10:00:34"]
[TimeControl "2700+45"]

1. d4 d5 2. c4 e6 3. Nc3 Nf6 4. Bg5 Be7 5. e3 a6 6. Nf3 Nbd7 7. Bd3 b6 8. O-O h6
9. Bh4 O-O 10. Rc1 Bb7 11. cxd5 exd5 12. Qc2 c5 13. Rfe1 c4 14. Bf1 Nh7 15. Bg3
Ng5 16. Nxg5 Bxg5 17. b3 b5 18. bxc4 bxc4 19. Rb1 Qc8 20. Rb2 Be7 21. Reb1 Ra7
22. Rxb7 Rxb7 23. Nxd5 Bd8 24. Rxb7 Qxb7 25. Qxc4 Nf6 26. Nxf6+ Bxf6 27. Qxa6
Qb1 28. a4 Be7 29. Qb5 Qa1 30. d5 Bf6 31. a5 Rc8 32. Bc7 Kh7 33. d6 Bd8 34. Qf5+
{Black resigns} 1-0

[Event "Team 45 45 League T62"]
[Site "Internet Chess Club"]
[Date "2014.10.04"]
[Round "6"]
[White "julesraider"]
[Black "TimeCo"]
[Result "0-1"]
[WhiteElo "1639"]
[BlackElo "1455"]
[Opening "QGD: exchange, positional line"]
[ECO "D35"]
[Time "16:00:20"]
[TimeControl "2700+45"]

1. d4 d5 2. c4 e6 3. Nc3 Nf6 4. cxd5 exd5 5. Bg5 Nbd7 6. Nxd5 Nxd5 7. Bxd8 Bb4+
8. Qd2 Kxd8 9. e4 Re8 10. f3 N7b6 11. Kd1 Bxd2 12. exd5 Ba5 13. Kc2 Nxd5 14. a3
Bf5+ 15. Kb3 Re3+ 16. Ka2 Be6 {White resigns} 0-1

[Event "Team 45 45 League T62"]
[Site "Internet Chess Club"]
[Date "2014.10.05"]
[Round "6"]
[White "Heian"]
[Black "lionking819"]
[Result "1-0"]
[WhiteElo "1784"]
[BlackElo "1771"]
[Opening "Giuoco Pianissimo: Italian four knights variation"]
[ECO "C50"]
[Time "18:01:08"]
[TimeControl "2700+45"]

1. e4 e5 2. Nf3 Nc6 3. Bc4 Bc5 4. d3 Nf6 5. Nc3 d6 6. h3 h6 7. a3 O-O 8. O-O Be6
9. Ba2 Qd7 10. Be3 Bb6 11. Bxb6 axb6 12. Ne2 d5 13. Ng3 dxe4 14. Bxe6 Qxe6 15.
dxe4 Rfd8 16. Qe2 Rd7 17. c3 Rad8 18. Rad1 Rxd1 19. Rxd1 Rxd1+ 20. Qxd1 Qc4 21.
Qc2 b5 22. Nd2 Qc5 23. Qd3 Na5 24. b4 Qb6 25. bxa5 Qxa5 26. c4 bxc4 27. Nxc4
Qe1+ 28. Qf1 Qc3 29. Ne3 Qxa3 30. Qb5 Qa1+ 31. Kh2 Qa2 32. Qxe5 Qxf2 33. Nd5
Nxd5 34. exd5 Qc5 35. Qe8+ Qf8 36. Qd7 Qb8 37. Nf5 b6 38. Ne7+ Kf8 39. Nc6 Qa8
40. Qxc7 b5 41. d6 {Black resigns} 1-0

[Event "Team 45 45 League T62"]
[Site "Internet Chess Club"]
[Date "2014.10.04"]
[Round "6"]
[White "rl154"]
[Black "QuieroAprender"]
[Result "0-1"]
[WhiteElo "1596"]
[BlackElo "1677"]
[Opening "Scandinavian (center counter) defense"]
[ECO "B01"]
[Time "19:50:37"]
[TimeControl "2700+45"]

1. e4 d5 2. exd5 Qxd5 3. Nc3 Qa5 4. Nf3 c6 5. Bc4 Bg4 6. h3 Qh5 7. d3 Nf6 8. Be3
e5 9. Qe2 Bb4 10. Bd2 Nbd7 11. O-O-O Bxf3 12. gxf3 a5 13. Ne4 Bxd2+ 14. Rxd2 b5
15. Nd6+ Ke7 16. Bxf7 Qg5 17. h4 Qf4 18. d4 Kxd6 19. dxe5+ Kc7 20. exf6 Nxf6 21.
Qe7+ Kb6 22. Qe3+ Qxe3 23. fxe3 Rhf8 24. Be6 Rae8 25. Bd7 Rxe3 26. Rd6 Nxd7 27.
Rxd7 Rexf3 28. Rxg7 Rf1+ 29. Rxf1 Rxf1+ 30. Kd2 Rf2+ 31. Kc1 h6 32. Rg6 h5 33.
Rg5 Rf1+ 34. Kd2 Rf2+ 35. Kd3 Rf3+ 36. Ke2 Rh3 37. Rxh5 Rh2+ 38. Kd3 Rh3+ 39.
Kd4 Rh2 40. Kd3 Rh3+ 41. Kd4 Rh2 42. Ke3 Rxc2 43. Rg5 Rxb2 44. h5 Rxa2 45. h6
Rh2 46. Rg6 a4 {White resigns} 0-1

[Event "Team 45 45 League T62"]
[Site "Internet Chess Club"]
[Date "2014.10.06"]
[Round "6"]
[White "ElMarginal"]
[Black "TacoCrafterHD"]
[Result "0-1"]
[WhiteElo "1531"]
[BlackElo "1449"]
[Opening "Grünfeld: 5.e3"]
[ECO "D94"]
[Time "19:00:18"]
[TimeControl "2700+45"]

1. c4 Nf6 2. Nc3 d5 3. e3 g6 4. Nf3 Bg7 5. d4 Nc6 6. Qa4 O-O 7. Be2 a6 8. O-O
Re8 9. b4 Bd7 10. Qb3 dxc4 11. Bxc4 e6 12. Bb2 Na7 13. a4 c6 14. Ne5 Qc7 15.
Nxd7 Qxd7 16. b5 cxb5 17. axb5 axb5 18. Nxb5 Nc6 19. Nc3 Reb8 20. Rxa8 Rxa8 21.
Ra1 Rxa1+ 22. Bxa1 Qc8 23. h3 Na5 24. Qb5 Nxc4 25. Qxc4 Qxc4 {White resigns} 0-1

[Event "Team 45 45 League T62"]
[Site "Internet Chess Club"]
[Date "2014.10.06"]
[Round "6"]
[White "QuieroAprender"]
[Black "Elalfer"]
[Result "0-1"]
[WhiteElo "1653"]
[BlackElo "1519"]
[Opening "QGD: semi-Slav, Marshall gambit"]
[ECO "D10"]
[Time "22:00:44"]
[TimeControl "2700+45"]

1. d4 d5 2. c4 c6 3. Nc3 e6 4. e4 Bb4 5. cxd5 exd5 6. exd5 Qxd5 7. a3 Qe4+ 8.
Ne2 Bxc3+ 9. bxc3 Nf6 10. f3 Qf5 11. Ng3 Qe6+ 12. Kf2 O-O 13. Bd3 Re8 14. Qc2
Nbd7 15. Bg5 h6 16. Rhe1 Qd5 17. Rxe8+ Nxe8 18. Bd8 Ndf6 19. Re1 Qxd8 {White
resigns} 0-1

[Event "Team 45 45 League T62"]
[Site "Internet Chess Club"]
[Date "2014.10.04"]
[Round "6"]
[White "Berke"]
[Black "houseofcook"]
[Result "1/2-1/2"]
[WhiteElo "1629"]
[BlackElo "1488"]
[Opening "Queen's bishop game"]
[ECO "D02"]
[Time "10:00:34"]
[TimeControl "2700+45"]

1. d4 Nf6 2. Nf3 d5 3. Bf4 e6 4. e3 c5 5. c3 Nc6 6. Nbd2 b6 7. Bd3 Bb7 8. O-O
Bd6 9. Ne5 O-O 10. Bg3 Qe7 11. f4 g6 12. Bh4 Qd8 13. Bxf6 Qxf6 14. Nd7 Qe7 15.
Nxf8 Rxf8 16. Nf3 cxd4 17. Nxd4 Bc5 18. Qg4 e5 19. Rae1 Qc7 20. Nb5 {Game drawn
by mutual agreement} 1/2-1/2

[Event "Team 45 45 League T62"]
[Site "Internet Chess Club"]
[Date "2014.10.05"]
[Round "6"]
[White "Gilguli"]
[Black "HorseRadish"]
[Result "1-0"]
[WhiteElo "1382"]
[BlackElo "1433"]
[Opening "Blackmar gambit"]
[ECO "D00"]
[Time "15:00:33"]
[TimeControl "2700+45"]

1. d4 d5 2. e4 dxe4 3. Nc3 Nf6 4. Bg5 Bf5 5. Nge2 h6 6. Bxf6 gxf6 7. Ng3 e6 8.
Nxf5 exf5 9. Bb5+ c6 10. Bc4 h5 11. Qe2 Qe7 12. O-O-O Nd7 13. d5 c5 14. d6 Qe5
15. Nb5 Bh6+ 16. Kb1 O-O 17. Qxh5 Bg7 18. Rd5 Qf4 19. Rxf5 Qh6 20. Qe2 a6 21.
Nc7 Rad8 22. Nd5 b5 23. Rh5 bxc4 24. Ne7+ Kh7 25. Qxe4+ {Black resigns} 1-0

[Event "Team 45 45 League T62"]
[Site "Internet Chess Club"]
[Date "2014.10.04"]
[Round "6"]
[White "QuimCatala"]
[Black "semperfi"]
[Result "0-1"]
[WhiteElo "1396"]
[BlackElo "1384"]
[Opening "French: advance variation"]
[ECO "C02"]
[Time "17:00:26"]
[TimeControl "2700+45"]

1. e4 e6 2. d4 d5 3. e5 c5 4. c3 Nc6 5. Be3 Qb6 6. Qd2 Bd7 7. Nf3 cxd4 8. cxd4
Bb4 9. Nc3 Nge7 10. a3 Bxc3 11. Qxc3 Rc8 12. b4 O-O 13. Bd3 Nxe5 14. dxe5 Rxc3
15. Bxb6 Rxd3 16. Bc5 Re8 17. Bxa7 Nf5 18. O-O Rc3 19. Bc5 Ba4 20. Nd2 Rc8 21.
h3 Nh4 22. g3 Ng6 23. Kg2 Nxe5 24. Bd4 Rd3 25. Bxe5 Rxd2 26. Rfc1 Rdc2 27. Re1
f6 28. Bd6 Kf7 29. Bc5 Rc6 30. h4 b6 31. Be3 b5 32. Kh3 R6c4 33. f4 d4 34. Bf2
Rxf2 35. Kg4 g6 36. Re4 f5+ 37. Kg5 fxe4 38. f5 {White resigns} 0-1

[Event "Team 45 45 League T62"]
[Site "Internet Chess Club"]
[Date "2014.10.05"]
[Round "6"]
[White "Electryon"]
[Black "Tjet"]
[Result "1/2-1/2"]
[WhiteElo "1446"]
[BlackElo "1583"]
[Opening "English, 1...Nf6 (Anglo-Indian defense)"]
[ECO "A15"]
[Time "20:03:17"]
[TimeControl "2700+45"]

1. c4 Nf6 2. g3 g6 3. Bg2 Bg7 4. Nc3 O-O 5. Nf3 c6 6. O-O d5 7. cxd5 Nxd5 8.
Nxd5 cxd5 9. Rb1 Nc6 10. b3 Bf5 11. d3 Qd7 12. Bb2 Bxb2 13. Rxb2 Bh3 14. Qd2
Bxg2 15. Kxg2 e6 16. Qh6 f6 17. Rc2 Rac8 18. Qd2 Kg7 19. Rfc1 a6 20. a4 Rb8 21.
d4 Rfc8 22. e3 Rc7 23. b4 Rcc8 24. b5 axb5 25. axb5 Ne7 26. Rxc8 Rxc8 27. Rxc8
Nxc8 {Game drawn by mutual agreement} 1/2-1/2

[Event "Team 45 45 League T62"]
[Site "Internet Chess Club"]
[Date "2014.10.11"]
[Round "6"]
[White "chessman64"]
[Black "ChessMaine"]
[Result "0-1"]
[WhiteElo "1410"]
[BlackElo "1533"]
[Opening "Queen's pawn game"]
[ECO "D00"]
[Time "14:10:05"]
[TimeControl "2700+45"]

1. d4 d5 2. g3 e6 3. Nf3 Nf6 4. Bg2 Nbd7 5. O-O Bd6 6. Nc3 c6 7. Re1 O-O 8. a3
Re8 9. e4 dxe4 10. Nxe4 Nxe4 11. Rxe4 Nf6 12. Bg5 Be7 13. Bxf6 Bxf6 14. Ne5 Qb6
15. b4 Rd8 16. c3 Bxe5 17. Rxe5 f6 18. Rh5 e5 19. Qd3 g6 20. Rh6 Kg7 21. Rh4 Be6
22. Bh3 Bxh3 23. Qe3 Bf5 24. Qh6+ Kf7 25. Qxh7+ Ke6 26. Re1 g5 27. Rxe5+ fxe5
28. Rh6+ Kd5 29. Qf7+ Ke4 30. f3+ Kd3 31. Qxf5+ Kxc3 32. Qxe5 Qxd4+ 33. Qxd4+
Rxd4 34. h4 gxh4 35. g4 Rd2 36. Rxh4 Re8 37. Kf1 Ree2 38. Rh3 Ra2 {White
resigns} 0-1

[Event "Team 45 45 League T62"]
[Site "Internet Chess Club"]
[Date "2014.10.04"]
[Round "6"]
[White "seattleblues"]
[Black "dabodhi"]
[Result "1/2-1/2"]
[WhiteElo "1395"]
[BlackElo "1365"]
[Opening "QGD: classical variation (5.Bf4)"]
[ECO "D37"]
[Time "21:02:40"]
[TimeControl "2700+45"]

1. d4 Nf6 2. Nf3 d5 3. c4 e6 4. Nc3 Be7 5. Bf4 Bd6 6. Ne5 O-O 7. e3 a6 8. Bd3
dxc4 9. Bxc4 b5 10. Bb3 Bb7 11. O-O Nbd7 12. Rc1 Nb6 13. Re1 Rc8 14. Re2 c5 15.
Rd2 c4 16. Bc2 Nbd5 17. Nxd5 Bxd5 18. Bg5 Bb4 19. Re2 c3 20. b3 Be7 21. Bxf6
Bxf6 22. Qd3 g6 23. e4 Bb7 24. Nf3 Qb6 25. e5 Be7 26. h4 Rfd8 27. h5 Bxf3 28.
Qxf3 Qxd4 29. hxg6 fxg6 30. Rd1 Qh4 31. Rxd8+ Rxd8 32. Qxc3 Rf8 33. Qh3 Qxh3 34.
gxh3 {Game drawn by mutual agreement} 1/2-1/2

[Event "Team 45 45 League T62"]
[Site "Internet Chess Club"]
[Date "2014.10.05"]
[Round "6"]
[White "KingOfClubs"]
[Black "PaulRichard"]
[Result "1/2-1/2"]
[WhiteElo "1373"]
[BlackElo "1564"]
[Opening "Sicilian: accelerated fianchetto, modern variation with Bc4"]
[ECO "B35"]
[Time "13:00:17"]
[TimeControl "2700+45"]

1. e4 c5 2. Nf3 Nc6 3. d4 cxd4 4. Nxd4 g6 5. Be3 Nf6 6. Nc3 Bg7 7. Bc4 Qa5 8.
O-O O-O 9. Nb3 Qc7 10. f3 Ne5 11. Be2 Nc4 12. Bxc4 Qxc4 13. Nd2 Qc6 14. Nb3 a6
15. Nd5 Nxd5 16. exd5 Qc7 17. Bd4 e5 18. dxe6 dxe6 19. Bxg7 Kxg7 20. Qd4+ e5 21.
Qc5 Qxc5+ 22. Nxc5 b6 23. Ne4 Rd8 24. Rfd1 Bf5 25. c3 Bxe4 26. fxe4 Kf6 27. Rf1+
Ke7 28. Rf2 Rd6 29. Raf1 f6 30. h4 h5 31. Kh2 Rf8 32. Rf3 Rd2 33. R1f2 Rxf2 34.
Rxf2 Rd8 35. a4 Rd3 {Game drawn by mutual agreement} 1/2-1/2